 Dungeon Crawl Stone Soup version 0.32-a0-576-g706899e69d (webtiles) character file.

Game seed: 17849681899222671982

38 Aneyh the Slasher (level 3, 0/23 HPs)
             Began as a Tengu Monk on Mar 1, 2024.
             Slain by a cerulean imp
             ... wielding a +1 spear
             ... summoned by Natasha
              (3 damage)
             ... on level 2 of the Dungeon.
             The game lasted 00:01:29 (1007 turns).

Aneyh the Slasher (Tengu Monk)                      Turns: 1007, Time: 00:01:30

Health: 0/23       AC:  2    Str: 11    XL:     3   Next: 43%
Magic:  4/4        EV: 14    Int: 10    God:
Gold:   97         SH:  0    Dex: 18    Spells: 2/2 levels left

rFire   . . .        a - +0 falchion
rCold   . . .        (no shield)
rNeg    . . .        f - +0 robe
rPois   .            (helmet restricted)
rElec   .            (no cloak)
rCorr   .            (no gloves)
SInv    +            (boots unavailable)
Will    .....        (no amulet)
Stlth   ++           m - ring of see invisible
HPRegen 0.23/turn    (no ring)
MPRegen 0.09/turn

%: acrobat
@: no status effects
A: beak, talons 3, acrobatic
a: no special abilities


You were on level 2 of the Dungeon.
You visited 1 branch of the dungeon, and saw 2 of its levels.

You collected 97 gold pieces.

Inventory:

Hand Weapons
 a - a +0 falchion (weapon)
 b - a +0 sling
Armour
 d - an orb of light
 f - a +0 robe (worn)
 l - a +0 leather armour
Jewellery
 m - a ring of see invisible (left hand)
Scrolls
 e - 3 scrolls of poison {unknown}
 g - 4 scrolls of identify {unknown}
 i - a scroll of amnesia {unknown}
 j - a scroll of teleportation {unknown}
Potions
 c - a potion of ambrosia
 h - a potion of heal wounds {unknown}
 k - a potion of might {unknown}
 n - 2 potions of brilliance {unknown}


   Skills:
 - Level 3.0 Fighting
 + Level 4.1 Long Blades
 + Level 4.1 Dodging


You had 2 spell levels left.
You didn't know any spells.
Your spell library contained the following spells:

 Spells                   Type           Power      Damage    Failure   Level
 Ensorcelled Hibernation  Hex/Ice        0%         N/A       50%         2
 Scorch                   Fire           0%         2d5       50%         2
 Fugue of the Fallen      Necr           0%         N/A       75%         3
 Anguish                  Hex/Necr       0%         N/A       98%         4
 Flame Wave               Conj/Fire      0%         2d4       98%         4
 Summon Cactus Giant      Summ           0%         N/A       100%        6


Dungeon Overview and Level Annotations

Branches:
Dungeon (2/15)

Altars:

Shops:
D:1 *

Annotations:
D:2 Natasha


Innate Abilities, Weirdness & Mutations

You have a beak for a mouth.
You have claws for feet.
You can magically evade attacks while moving or waiting.


Message History

No target in view!
No target in view!
You see here a +0 scale mail.
There is a stone staircase leading up here.
Found a mace.
e - 3 scrolls labelled IXZINA XUCAIS (gained 1) No target in view!
No target in view!
g - 4 scrolls labelled BIUXOU SAEHANLO (gained 1) Natasha, Servant of Life and Death comes into view.
Found 8 gold pieces.
You shoot a sling bullet.
The sling bullet hits Natasha but does no damage.
Natasha hisses angrily.
Natasha stares at you and mumbles some strange words.
You resist with significant effort.
You shoot a sling bullet. The sling bullet hits Natasha.
Natasha is lightly wounded.
Natasha hisses.
Natasha is nearby!
You shoot a sling bullet. The sling bullet hits Natasha.
Natasha is heavily wounded.
Natasha claws you.
You shoot a sling bullet.
The sling bullet hits Natasha but does no damage.
Natasha is heavily wounded.
Natasha casts a spell.
Natasha claws you.
a - a +0 falchion (weapon)
You closely miss Natasha.
Natasha is heavily wounded.
Natasha stares at you and mumbles some strange words.
The magic dart hits you.
You closely miss Natasha. Your kick misses Natasha.
Natasha is heavily wounded.
Natasha casts a spell at you. The magic dart hits you!
* * * LOW HITPOINT WARNING * * *
The cerulean imp hits you from afar with a +1 spear.
You die...

#... #### ### # ..# # #
#.# #
#.####.############
#....#.##.........#####
#......#######....)#
###@#### #.###.#
#...5h.##########<###.#
##$#####........#......
#.............#
#......#.##..#
##.......##...
##......####.##
#.......##†..[.
.............##


You could see Natasha and a cerulean imp (summoned).

Vanquished Creatures
  2 dart slugs (D:1)
  6 bats
  2 endoplasms
  2 giant cockroaches
  3 goblins (D:1)
  4 hobgoblins
  5 kobolds
  A quokka (D:1)
  A ball python (D:1)
  A frilled lizard (D:1)
  4 rats
31 creatures vanquished.

Notes
Turn   | Place    | Note
-------+----------+-------------------------------------------
     0 | D:1      | Aneyh the Tengu Monk began the quest for the Orb.
     0 | D:1      | Reached XP level 1. HP: 14/14 MP: 2/2
    13 | D:1      | Found Plog's Assorted Antiques.
    26 | D:1      | Reached XP level 2. HP: 13/19 MP: 3/3
   392 | D:1      | Reached XP level 3. HP: 23/23 MP: 4/4
  1000 | D:2      | Noticed Natasha
  1007 | D:2      | Slain by a cerulean imp

Illustrated notes

Levels and vault maps discovered:
D:1:      lightli_molten_gateway, layout_basic, serial_shops,
          nicolae_shop_getting_attention
D:2:      layout_loops_cross, uniq_natasha

Skill      XL: |  1  2  3 |
---------------+----------+-----
Long Blades    | 4 |  4.1
Dodging        | 4 |  4.1
Fighting       | |  3.0

Action                     || total
---------------------------++-------
  Melee: Falchion          ||    16
         Peck              ||     3
         Kick              ||     1
   Fire: Sling             ||    58
 Armour: Robe              ||    19
  Dodge: Dodged            ||    12

Table legend: (Time is in decaauts)
 A = Elapsed time spent in this place.
 B = Non-inter-level travel time spent in this place.
 C = Inter-level travel time spent in this place.
 D = Time resting spent in this place.
 E = Time spent auto-exploring this place.
 F = Levels seen in this place.
 G = Mean time per level.
                   A        B        C        D        E       F      G
               +--------+--------+--------+--------+--------+-----+--------+
         Total |   1029 |    931 |     98 |      0 |    745 |   2 |  514.5 |
       Dungeon |   1029 |    931 |     98 |      0 |    745 |   2 |  514.5 |
               +--------+--------+--------+--------+--------+-----+--------+

Top non-repeatable levels by time:
     D:1: 648 daAuts
     D:2: 380 daAuts
